 Dungeon Crawl Stone Soup version 0.29.0-11-gd7f09526c8 (webtiles) character file.

Game seed: 12638069609469064747

21 pacmanke6689 the Shield-Bearer (level 3, 0/29 HPs)
             Began as a Formicid Fighter on Sept 6, 2022.
             Slain by a gnoll
             ... wielding a +0 spear
              (8 damage)
             ... on level 2 of the Dungeon.
             The game lasted 00:04:05 (1336 turns).

pacmanke6689 the Shield-Bearer (Formicid Fighter)   Turns: 1336, Time: 00:04:06

Health: 0/29       AC:  8    Str: 22    XL:     3   Next: 5%
Magic:  3/3        EV:  9    Int:  7    God:
Gold:   63         SH: 10    Dex: 13    Spells: 1/2 levels left

rFire   . . .      SeeInvis +   a - +0 war axe
rCold   . . .      Faith    .   c - +0 buckler
rNeg    . . .      Spirit   .   b - +0 scale mail
rPois   .          Reflect  +   (helmet unavailable)
rElec   .          Harm     .   (no cloak)
rCorr   .          Rampage  .   k - +0 pair of gloves
Will    .....                   (no boots)
Stlth   ..........              i - amulet of reflection
HPRegen 0.09/turn               (no ring)
MPRegen 0.08/turn               (no ring)

@: no status effects
A: permanent stasis, dig shafts and tunnels, antennae 3, four strong arms
a: Dig, Shaft Self


You were on level 2 of the Dungeon.
You visited 1 branch of the dungeon, and saw 2 of its levels.

You collected 63 gold pieces.

Inventory:

Hand Weapons
 a - a +0 war axe (weapon)
Armour
 b - a +0 scale mail (worn)
 c - a +0 buckler (worn)
 k - a +0 pair of gloves (worn)
Jewellery
 i - an amulet of reflection (around neck)
 l - a ring of willpower
Scrolls
 f - 2 scrolls of teleportation {unknown}
 h - a scroll of enchant armour {unknown}
 j - a scroll of amnesia {unknown}
 m - a scroll of fear {unknown}
Potions
 d - 2 potions of might
 e - a potion of cancellation {unknown}
 g - a potion of degeneration {unknown}


   Skills:
 + Level 3.5 Fighting
 + Level 2.4 Axes
 + Level 3.5 Armour
 + Level 4.4 Shields


You had one spell level left.
You knew the following spells:

 Your Spells              Type           Power      Damage    Failure   Level
a - Freeze                Ice            0%         1d3       83%         1

Your spell library contained the following spells:

 Spells                   Type           Power      Damage    Failure   Level
 Frozen Ramparts          Ice            0%         1d1       99%         3
 Hailstorm                Conj/Ice       0%         3d3       100%        4


Dungeon Overview and Level Annotations

Branches:
Dungeon (2/15)

Altars:


Innate Abilities, Weirdness & Mutations

You cannot be hasted, slowed, berserked, paralysed or teleported.
You can dig through walls and to a lower floor.
You have a pair of large antennae on your head. (SInv)
Your four strong arms can wield two-handed weapons with a shield.


Message History

You slash the kobold!
You kill the kobold!
You see here a +0 short sword.
Memorise Freeze, consuming 1 spell level and leaving 1?
You start memorising the spell.
You continue memorising.
You finish memorising.
Spell assigned to 'a'.
HP restored.
You sense a monster nearby.
You sense a monster nearby.
A gnoll comes into view. It is wielding a +0 spear.
The gnoll shouts!
You hear a shout! x2
A gnoll comes into view. It is wielding a +0 club.
There are monsters nearby!
A gnoll comes into view. It is wielding a +0 spear.
The gnoll shouts!
The gnoll closely misses you.
A bat comes into view.
You block the gnoll's attack.
You barely miss the gnoll. The gnoll barely misses you.
You block the gnoll's attack.
You barely miss the gnoll. x2; You block the gnoll's attack. x2
The gnoll hits you but does no damage.
The gnoll hits you from afar with a +0 spear.
The gnoll hits you with a +0 club. You block the gnoll's attack.
The gnoll attacks as you move away! The gnoll hits you with a +0 spear.
You closely miss the gnoll. You block the gnoll's attack.
You barely miss the gnoll. You block the gnoll's attack.
The gnoll hits you but does no damage. You block the gnoll's attack.
You slash the gnoll!
The gnoll is severely wounded.
You block the gnoll's attack. The gnoll closely misses you.
The gnoll hits you from afar with a +0 spear. x2
The gnoll closely misses you. x2
You closely miss the gnoll.
The gnoll is severely wounded.
The gnoll hits you from afar with a +0 spear.
* * * LOW HITPOINT WARNING * * *
The gnoll closely misses you.
The gnoll hits you from afar with a +0 spear!
You die...

....#.{. ....
#.....# #..#
###.....# #..#
#.......# #..#
#.......# #..#
#.......####..#
##># #........ggb#
...###...#.####g##
.......##.# #@#
##.####..).#
#......#
##...###..###
######.#
#.....##.)#
......##..####
#.......[....#
.....###..#.#.#
##.........##
#.#####..#.#.


You could see 3 gnolls and a bat.

Vanquished Creatures
  A dart slug (D:1)
  An endoplasm (D:2)
  3 giant cockroaches (D:1)
  2 quokkas (D:1)
  2 bats (D:1)
  A frilled lizard (D:1)
  3 goblins (D:1)
  2 kobolds
  3 rats (D:1)
18 creatures vanquished.

Vanquished Creatures (others)
  2 demonic plants (D:1)
  A plant (D:1)
3 creatures vanquished.

Grand Total: 21 creatures vanquished

Notes
Turn   | Place    | Note
-------+----------+-------------------------------------------
     0 | D:1      | pacmanke6689 the Formicid Fighter began the quest for the
                  | Orb.
     0 | D:1      | Reached XP level 1. HP: 18/18 MP: 1/1
   459 | D:1      | Reached XP level 2. HP: 24/24 MP: 2/2
   650 | D:1      | Found a faded altar of an unknown god.
   650 | D:1      | Noticed a rust devil
  1224 | D:2      | Reached XP level 3. HP: 23/29 MP: 3/3
  1248 | D:2      | Learned a level 1 spell: Freeze
  1336 | D:2      | Slain by a gnoll

Illustrated notes

Levels and vault maps discovered:
D:1:      kennysheep_arrival_seaside, layout_loops_ring, serial_forest,
          infiniplex_forest_lined_ring, infiniplex_forest_end_1,
          infiniplex_forest_pool, infiniplex_forest_clump_medium,
          infiniplex_forest_end_2, infiniplex_forest_lined_2,
          infiniplex_forest_3_way, infiniplex_forest_clump_small,
          infiniplex_forest_diagonal, infiniplex_forest_lined_room_3,
          dreamdust_ecumenical_altar_sealed_demon, minmay_strange_pillars
D:2:      layout_loops_ring, minmay_tiny_reverse_x, uniq_sigmund

Action                   || total
-------------------------++-------
Melee: War axe           ||    52
  Use: Scroll            ||     1
Armor: Scale mail        ||    24
Dodge: Dodged            ||    17
Block: Buckler           ||    25
